Map: 16-Bit LE

Players

AureliuS

  • Race: Zerg Zerg
  • League: Diamond
  • Spawn Location: 1:00

Brelity - Winner!

  • Race: Terran Terran
  • League: Diamond
  • Spawn Location: 7:00

VOD

Have the link to the VOD?

Description

Time

  • Played on: Aug. 11, 2018, 3:29 p.m.
  • Length: 13:54
Show
View Real Time Build Order
Export as new Build Order

AureliuS Zerg 

Build Orders: Hatch First 

Get SALT Encoding   

  12  0:01  Drone  
  13  0:14  Overlord  
  13  0:17  Drone  
  14  0:32  Drone x2  
  16  0:36  Drone  
  17  0:57  Hatchery  
  16  0:59  Drone x2  
  18  1:14  Extractor  
  18  1:16  Spawning Pool  
  16  1:21  Drone  
  16  1:22  Drone  
  18  1:30  Drone  
  19  1:40  Overlord  
  19  2:05  Queen  
  19  2:06  Zergling x2  
  19  2:07  Zergling x2  
  23  2:09  Drone, Queen  
  23  2:13  Metabolic Boost  
  26  2:16  Drone  
  26  2:19  Drone  
  28  2:23  Drone  
  29  2:30  Drone  
  29  2:36  Overlord  
  30  2:42  Drone  
  31  2:55  Drone  
  31  2:57  Hatchery  
  31  3:00  Pneumatized Carapace  
  31  3:05  Drone x2  
  32  3:08  Drone  
  32  3:10  Drone  
  35  3:17  Drone  
  35  3:18  Drone x2  
  38  3:23  Overlord  
  38  3:26  Drone  
  39  3:31  Queen  
  41  3:39  Drone x3  
  44  3:47  Drone x2  
  46  3:49  Overlord  
  46  3:56  Extractor  
  46  4:00  Evolution Chamber  
  46  4:01  Evolution Chamber  
  46  4:02  Drone x6  
  49  4:18  Extractor  
  49  4:22  Queen  
  50  4:24  Drone x6, Roach Warren  
  55  4:47  Queen  
  55  4:48  Overlord x2  
  55  4:51  Zerg Missile Weapons Level 1  
  55  4:52  Zerg Ground Armor Level 1  
  56  5:07  Roach x8  
  57  5:08  Spine Crawler  
  72  5:14  Roach x3  
  72  5:18  Drone x3  
  79  5:27  Spore Crawler  
  78  5:29  Overlord x2  
  78  5:34  Drone x4  
  82  5:39  Overlord x2  
  82  5:47  Lair  
  82  5:57  Roach  
  82  5:58  Roach x5  
  94  6:07  Drone x8  
  102  6:19  Drone x7  
  102  6:22  Overlord  
  102  6:23  Overlord, Extractor  
  108  6:29  Extractor  
  108  6:30  Extractor  
  106  6:49  Drone  
  106  6:50  Drone x12  
  106  6:51  Hatchery  
  112  6:59  Overlord x2  
  86  7:17  Roach  
  86  7:18  Roach x7  
  86  7:19  Hydralisk Den  
  86  7:20  Zerg Missile Weapons Level 2  
  99  7:39  Roach  
  99  7:40  Roach x3  
  107  7:47  Roach  
  107  7:48  Roach x2  
  107  7:50  Muscular Augments  
  113  7:51  Zerg Ground Armor Level 2  
  113  7:52  Extractor  
  113  7:55  Extractor  
  111  8:00  Hydralisk  
  111  8:01  Hydralisk x9  
  131  8:18  Glial Reconstitution  
  131  8:19  Hydralisk  
  131  8:20  Hydralisk x2  
  137  8:34  Overseer  
  137  8:36  Overseer  
  137  8:38  Overlord x2  
  137  8:39  Overlord  
  137  8:40  Hydralisk  
  137  8:41  Hydralisk x6  
  151  8:50  Overlord x3  
  151  8:51  Overlord x3  
  151  8:56  Hydralisk  
  151  8:57  Hydralisk x6  
  165  9:08  Hydralisk  
  165  9:09  Hydralisk x4  
  173  9:21  Hydralisk  
  173  9:22  Hydralisk x5  
  155  9:31  Hydralisk x4  
  127  9:37  Roach x3  
  139  9:48  Roach x4  
  139  9:49  Roach x2  
  151  9:53  Hydralisk  
  151  9:54  Hydralisk x2  
  151  9:57  Grooved Spines  
  157  10:01  Infestation Pit  
  116  10:16  Hydralisk  
  116  10:17  Hydralisk x7  
  118  10:23  Hydralisk  
  118  10:24  Hydralisk x2  
  110  10:28  Hydralisk  
  110  10:29  Hydralisk  
  106  10:41  Roach x3  
  106  10:42  Roach x4  
  119  10:54  Roach x2  
  119  10:55  Roach x6  
  135  11:00  Hive  
  135  11:07  Spire  
  108  11:25  Hydralisk  
  108  11:26  Hydralisk x7  
  120  11:37  Roach  
  120  11:38  Roach x8  
  128  11:44  Extractor  
  127  11:54  Queen  
  127  11:57  Roach  
  127  11:58  Roach x4  
  127  12:01  Hatchery  
  138  12:11  Roach  
  138  12:12  Roach x6  
  152  12:23  Greater Spire  
  152  12:25  Hydralisk  
  152  12:26  Hydralisk x3  
  152  12:29  Viper  
  163  12:30  Viper  
  166  12:46  Hydralisk  
  166  12:47  Hydralisk x6  
  180  13:17  Hydralisk  
  180  13:18  Extractor, Hydralisk x3  
  187  13:22  Corruptor, Extractor  
Show
View Real Time Build Order
Export as new Build Order

Brelity Terran - Winner!

Build Orders: Command Center First (CC), Mech 

Get SALT Encoding   

  12  0:03  SCV  
  13  0:15  SCV  
  13  0:20  Supply Depot  
  14  0:27  SCV  
  15  0:41  SCV  
  16  0:54  SCV  
  17  1:07  SCV  
  17  1:09  Command Center  
  18  1:22  SCV  
  18  1:23  Barracks  
  19  1:34  SCV  
  20  1:43  Refinery  
  20  1:45  Refinery  
  20  1:46  SCV  
  21  1:58  SCV  
  22  2:11  Orbital Command, Supply Depot  
  22  2:15  Marine  
  23  2:20  Orbital Command  
  23  2:35  Factory  
  23  2:39  Barracks Reactor  
  23  2:42  SCV  
  24  2:46  SCV  
  25  2:54  SCV  
  26  2:58  SCV  
  27  3:06  SCV, Factory  
  27  3:10  SCV  
  29  3:18  SCV  
  30  3:23  SCV  
  31  3:27  Barracks Tech Lab  
  31  3:28  Hellion x2  
  31  3:30  SCV  
  36  3:35  SCV  
  37  3:42  SCV  
  37  3:47  SCV  
  39  3:49  Hellion x2  
  39  3:54  SCV  
  44  3:55  Command Center  
  44  3:59  SCV  
  44  4:02  Armory  
  45  4:06  SCV  
  46  4:13  Refinery  
  46  4:15  Refinery  
  46  4:29  Supply Depot  
  46  4:31  Supply Depot  
  46  4:35  Barracks Tech Lab  
  46  4:42  Supply Depot  
  46  4:48  SCV x2, Hellion x3  
  54  4:54  Terran Vehicle Weapons Level 1  
  54  4:57  Armory  
  54  5:00  SCV x2  
  56  5:08  Supply Depot  
  56  5:10  Hellion x2  
  56  5:12  SCV  
  56  5:13  SCV  
  62  5:19  Factory  
  62  5:21  Factory  
  62  5:24  SCV  
  62  5:26  SCV  
  64  5:29  Engineering Bay  
  64  5:31  Barracks Tech Lab  
  64  5:32  Hellion x2  
  64  5:33  Hellion  
  70  5:36  Supply Depot  
  70  5:37  SCV  
  70  5:40  SCV  
  70  5:41  Orbital Command  
  72  5:46  Terran Vehicle And Ship Armor Level 1  
  72  5:51  SCV  
  72  5:53  SCV  
  74  6:02  Thor  
  74  6:03  SCV  
  81  6:13  Barracks Reactor  
  81  6:15  SCV x2  
  81  6:16  SCV  
  84  6:18  Thor  
  84  6:23  Hellion x2  
  94  6:27  Missile Turret  
  94  6:29  SCV x3  
  97  6:33  Missile Turret  
  97  6:36  Missile Turret  
  97  6:39  Supply Depot  
  97  6:41  SCV x3  
  97  6:42  Hellion  
  97  6:44  Hellion  
  104  6:53  SCV x2  
  94  6:58  Siege Tank  
  97  7:01  Siege Tank  
  98  7:10  SCV x3  
  101  7:22  SCV x2  
  103  7:24  Refinery  
  103  7:25  Refinery  
  103  7:29  Missile Turret  
  103  7:30  Structure Armor  
  103  7:32  Terran Vehicle Weapons Level 2  
  103  7:34  Thor x2  
  115  7:37  SCV  
  115  7:38  SCV  
  115  7:41  Supply Depot  
  115  7:42  Supply Depot  
  117  7:47  Supply Depot  
  117  7:48  Supply Depot  
  117  7:49  Missile Turret  
  117  7:55  Supply Depot  
  117  7:56  Supply Depot x2  
  117  8:03  Siege Tank, SCV, Hellion x2  
  125  8:09  Missile Turret  
  125  8:11  SCV  
  125  8:12  SCV  
  127  8:15  SCV  
  127  8:16  Supply Depot  
  127  8:17  Siege Tank x2, Supply Depot  
  134  8:23  Missile Turret  
  134  8:25  Missile Turret  
  134  8:29  SCV x2  
  136  8:35  Starport  
  136  8:36  Factory  
  136  8:44  Missile Turret  
  136  8:50  Hellion x4  
  136  8:51  Hellion  
  146  9:02  Factory x2  
  144  9:11  Hellion x2  
  144  9:14  Command Center  
  146  9:18  Siege Tank x2  
  146  9:19  Siege Tank  
  122  9:33  Hellion  
  124  9:44  Hellion  
  126  9:45  Starport Reactor  
  126  9:50  Siege Tank  
  126  9:51  Siege Tank x2, Factory Tech Lab x2  
  135  9:54  Hellion  
  135  10:11  Refinery  
  113  10:15  Siege Tank x2, Missile Turret  
  113  10:16  Refinery  
  105  10:31  Siege Tank x2  
  105  10:32  Siege Tank, Hellion x2  
  118  10:37  Medivac x2  
  122  10:47  Planetary Fortress, Factory  
  122  10:51  Siege Tank x2  
  128  11:00  Hellion x2  
  132  11:06  Thor x2  
  132  11:07  Hellion  
  132  11:09  Medivac x2  
  150  11:15  SCV x3  
  150  11:16  Terran Vehicle And Ship Armor Level 2  
  153  11:21  Hellion x2  
  153  11:23  Hellion x2  
  131  11:40  Thor  
  131  11:41  Hellion  
  131  11:42  Hellion, Medivac  
  131  11:43  Hellion  
  131  11:44  Thor  
  131  11:45  Hellion  
  131  11:47  Factory Tech Lab  
  153  11:48  Infernal Pre-Igniter  
  153  11:55  Supply Depot x2  
  153  11:56  Supply Depot  
  153  12:00  Missile Turret  
  153  12:10  Thor x2  
  153  12:11  Command Center  
  165  12:16  Thor  
  171  12:23  Missile Turret  
  171  12:25  Command Center  
  171  12:27  Factory Tech Lab  
  171  12:30  Refinery  
  171  12:45  Refinery  
  171  12:48  Refinery  
  171  12:53  Thor x2  
  171  12:54  Siege Tank  
  171  12:55  Hellion x3  
Tags
 
Add a new tag
Caveats
  • Supply blocks, unpowered buildings, or Contaminate may cause inaccurate times.
  • Supply counts are checked every 10 seconds.